 Dungeon Crawl Stone Soup version 0.13-a0-2557-g7ea0453 (console) character file.

294 Kellhus the Cudgeler (level 4, 0/34 HPs)
             Began as a Mummy Chaos Knight on July 29, 2013.
             Was a Plaything of Xom.
             Hit by a club thrown by a gnoll (5 damage)
             ... on Level 3 of the Dungeon.
             The game lasted 00:04:23 (3116 turns).

Kellhus the Cudgeler (Mummy Chaos Knight)           Turns: 3116, Time: 00:04:23

HP   0/34        AC 10     Str 16      XL: 4   Next: 94%
MP   4/4         EV  6     Int 11      God: Xom
Gold 161         SH  0     Dex 11      Spells:  0 memorised,  3 levels left

Res.Fire  : x . .   See Invis. : .   k - +2 flail
Res.Cold  : + . .   Warding    : .   l - +0 elf chain mail
Life Prot.: + + +   Conserve   : .   (no shield)
Res.Poison: +       Res.Corr.  : .   (no helmet)
Res.Elec. : .       Clarity    : .   (no cloak)
Sust.Abil.: . .     Spirit.Shd : .   i - +1 pair of dwarf gauntlets (curse)
Res.Mut.  : .       Stasis     : .   (no boots)
Res.Rott. : +       Flight     : .   (no amulet)
Saprovore : . . .                    (no ring)
                                     (no ring)

@: slightly resistant to hostile enchantments, extremely unstealthy
A: no food or potions, fire vulnerability, restore body, cold resistance 1, life
protection 3, poison resistance, torment resistance, unbreathing
a: Renounce Religion


You were on level 3 of the Dungeon.
You worshipped Xom.
You were a toy of Xom.
You were not hungry.

You visited 1 branch of the dungeon, and saw 3 of its levels.

You collected 141 gold pieces.

Inventory:

Hand weapons
 a - a +0,+0 mace of chaos
 h - a +2,+0 dagger of venom (quivered)
 k - a +2,+2 flail (weapon)
 m - a +1,+0 dagger of electrocution
 o - a +3,+2 dwarven sabre of venom
Armour
 b - a +2 leather armour
 i - a cursed +1 pair of dwarven gauntlets (worn)
 l - a +0 elven chain mail (worn)
Scrolls
 c - a scroll of curse jewellery {unknown}
 d - a scroll of enchant weapon II {unknown}
 e - 3 scrolls of identify {unknown}
 f - a scroll of random uselessness {unknown}
 g - 2 scrolls of amnesia {unknown}
 j - 3 scrolls of teleportation {unknown}
 n - a scroll of blinking {unknown}


   Skills:
 - Level 3.0 Fighting
 + Level 4.7 Maces & Flails
 - Level 1.5 Armour
 - Level 0.7 Dodging


You had 3 spell levels left.
You didn't know any spells.

Dungeon Overview and Level Annotations

Branches:
Dungeon (3/27)

Altars:

Annotations
D:3 Bastard's ghost, average OpGl


Innate Abilities, Weirdness & Mutations

You do not eat or drink.
Your flesh is vulnerable to fire.
Your flesh is cold resistant.
You are immune to negative energy.
Your system is resistant to poisons.
You are immune to unholy pain and torment.
You can survive without breathing.


Message History

You start resting.
The gnoll shouts!
You see here a club.
The gnoll hits you with a runed hand axe.
You are electrocuted!
* * * LOW HITPOINT WARNING * * *
You see here a club.
Things that are here:
a club; 2 bubbling orange potions; a worm corpse The gnoll picks up a club.
The gnoll throws a club.
The club hits you!
* * * LOW HITPOINT WARNING * * *
You see here a club.
You aren't carrying any items that can be evoked.
You can't drink.
Unknown command.
The gnoll picks up a club.
The gnoll picks up 2 bubbling orange potions.
The gnoll throws a club.
The club hits you!
You die...

....# #...%...###.##.### .
<)..###)####..###.##(# .#
...........#......##.# ..
..#.###.##.##.######(## #. .##.#
#.##.##.# #...# #.
....###.......# #.(.####### #.
....##.......## #...g%....# #.
...........#.######..).####.# #.
.....#.#......#.@.........#.####.
...............................g.
.....#.....#..#...........#.##...
.....#........#####....####.##.##
.....###.#.##.# #.........##.#
.###.%........# #.#.########.#
.#########.#### #...# #.# ..##
#.# #..## #.# ...## #.# ..... #..


You could see a gnoll.

Vanquished Creatures
  Ijyb (D:3)
  Terence (D:2)
  2 gnolls (D:3)
  2 adders (D:3)
  An inept item mimic (D:3)
  2 worms (D:3)
  A giant gecko (D:3)
  An orc (D:3)
  9 goblins
  8 hobgoblins
  5 jackals
  6 kobolds
  8 bats
  A giant newt (D:1)
  A rat (D:3)
49 creatures vanquished.

Notes
Turn   | Place    | Note
--------------------------------------------------------------
     0 | D:1      | Kellhus, the Mummy Chaos Knight, began the quest for the Orb.
     0 | D:1      | Reached XP level 1. HP: 16/16 MP: 1/1
    50 | D:1      | XOM: silly message
   202 | D:1      | Reached XP level 2. HP: 9/22 MP: 2/2
   514 | D:1      | XOM: noise
   560 | D:1      | XOM: colour smoke trail
   625 | D:1      | XOM: mild Erth miscast
  1428 | D:2      | Noticed Terence
  1428 | D:2      | XOM: summons friendly quasit
  1440 | D:2      | Killed Terence
  1440 | D:2      | Reached XP level 3. HP: 11/28 MP: 3/3
  1447 | D:2      | XOM: harmless Erth miscast
  1807 | D:2      | XOM: harmless Tloc miscast
  1965 | D:2      | XOM is BORED!
  1965 | D:2      | XOM: medium Necr miscast
  2432 | D:3      | XOM: scenery: 1 doors close
  2435 | D:3      | Noticed Bastard's ghost (average OpGl)
  2584 | D:3      | Reached skill level 4 in Maces & Flails
  2586 | D:3      | Reached XP level 4. HP: 30/34 MP: 4/4
  2775 | D:3      | Noticed Ijyb
  2809 | D:3      | XOM: divination: detect items
  2829 | D:3      | Killed Ijyb
  2851 | D:3      | XOM: potion effect (heal wounds)
  2852 | D:3      | XOM: harmless Ice miscast
  3034 | D:3      | XOM is BORED!
  3034 | D:3      | XOM: harmless Divn miscast
  3116 | D:3      | Hit by a club thrown by a gnoll

Action                   |  1- 3 |  4- 6 || total
-------------------------+-------+-------++-------
Melee: Mace              |    47 |       ||    47
       Dagger            |    34 |       ||    34
       Flail             |    57 |    45 ||   102
 Stab: Distracted        |     1 |       ||     1
